 Seeded DCSS version 0.32-a0-938-g40ac7a0f4d (webtiles) character file.

Game seed: 4279452743693619285 (custom seed)

65 bronco the Shooter (level 3, -2/28 HPs)
             Began as a Minotaur Artificer on Apr 15, 2024.
             Slain by a gnoll
             ... wielding a +0 flail
             ... led by a gnoll bouda
              (7 damage)
             ... on level 2 of the Dungeon.
             The game lasted 00:03:49 (1533 turns).

bronco the Shooter (Minotaur Artificer)             Turns: 1533, Time: 00:03:49

Health: -2/28      AC:  5    Str: 16    XL:     3   Next: 92%
Magic:  2/2        EV:  9    Int:  8    God:
Gold:   88         SH:  0    Dex: 12    Spells: 2/2 levels left

rFire   . . .        b - +0 falchion
rCold   . . .        (no shield)
rNeg    . . .        n - +0 ring mail
rPois   .            (helmet restricted)
rElec   .            (no cloak)
rCorr   .            (no gloves)
SInv    .            (no boots)
Will    .....        (no amulet)
Stlth   +            (no ring)
HPRegen 0.24/turn    (no ring)
MPRegen 0.08/turn

%: no passive effects
@: no status effects
A: horns 2, retaliatory headbutt
a: no special abilities


You were on level 2 of the Dungeon.
You visited 1 branch of the dungeon, and saw 3 of its levels.

You collected 88 gold pieces.

Inventory:

Hand Weapons
 a - a +0 sling
 b - a +0 falchion (weapon)
 k - a +0 club
Missiles
 g - 5 javelins
 o - 21 stones
Armour
 n - a +0 ring mail (worn)
 p - a +0 leather armour
Wands
 c - a wand of flame (15) (quivered)
 d - a wand of charming (15)
 e - a wand of iceblast (5)
Scrolls
 h - 2 scrolls of identify {unknown}
 l - a scroll of revelation {unknown}
Potions
 f - a potion of attraction {unknown}
 i - a potion of degeneration {unknown}
 j - 2 potions of curing {unknown}
 m - 2 potions of might {unknown}


   Skills:
 - Level 1.2 Fighting
 + Level 4.0 Ranged Weapons
 - Level 2.4 Armour
 - Level 1.1 Dodging
 - Level 0.7 Stealth
 - Level 2.6 Evocations


You had 2 spell levels left.
You didn't know any spells.
Your spell library was empty.

Dungeon Overview and Level Annotations

Branches:
Dungeon (3/15)

Altars:

Shops:
D:2 (!*[


Innate Abilities, Weirdness & Mutations

You have a pair of horns on your head.
You reflexively headbutt those who attack you in melee.


Message History

Fire: a) +0 sling
Press: ? - help, Q - select action, (/) - cycle Shift-Dir - straight line, f/p - gnoll
Aim: a gnoll, wielding a +0 flail (lightly wounded, covering ground quickly, 60% to hit)
You shoot a sling bullet. The sling bullet hits the gnoll.
The gnoll is moderately wounded.
A ball python comes into view.
Fire: a) +0 sling
Press: ? - help, Q - select action, (/) - cycle Shift-Dir - straight line, f/p - gnoll
Aim: a gnoll, wielding a +0 flail (moderately wounded, covering ground quickly, 60% to hit)
You shoot a sling bullet.
The sling bullet completely misses the gnoll.
The ball python hisses angrily.
The sling bullet hits the gnoll.
The gnoll is moderately wounded.
An orc comes into view. It is wielding a +0 dagger.
The gnoll hits you but does no damage. The gnoll completely misses you.
b - a +0 falchion (weapon)
The gnoll hits you from afar with a +0 spear.
You closely miss the gnoll.
The gnoll is moderately wounded.
The gnoll hits the plant with a +0 flail.
The plant begins to die.
The gnoll hits you with a +0 flail!
The gnoll hits you from afar with a +0 spear.
The gnoll hits you with a +0 whip.
Unknown command.
Unknown command.
A nearby plant withers and dies.
The gnoll barely misses you. You furiously retaliate!
You headbutt the gnoll. The gnoll barely misses you.
The gnoll hits you with a +0 whip.
You climb upwards.
There is a stone staircase leading down here.
You barely miss the gnoll.
The gnoll is severely wounded.
The gnoll barely misses you. The gnoll hits you with a +0 whip.
The gnoll hits you with a +0 flail.
* * * LOW HITPOINT WARNING * * *
You barely miss the gnoll. You headbutt the gnoll.
The gnoll is almost dead.
The gnoll closely misses you. The gnoll hits you with a +0 flail!
You die...

#.##########.## #....###.#####<
..# #######)# ####.........##...
### #.......###................#
######.......##.............#####
..................##........# #
######.......###.###........#
.....#........#..# #........####
.###.)......#.#.####...........##
..##............@g...............
......#######..g##########..##..#
...###########..### ##..##..
....# #..........## #..###< .##.#
#.###.......# ##.###. .##.# ##.#
#.>.....#########.#... .##.# #..#
#.....>............... ###.###.##
#.^....#..#######...## #..##.#
#......##...........##


You could see 2 gnolls.

Vanquished Creatures
  An adder (D:2)
  A ribbon worm (D:2)
  2 dart slugs
  2 endoplasms (D:1)
  3 giant cockroaches
  5 goblins
  5 hobgoblins
  2 quokkas (D:2)
  6 ball pythons (D:1)
  3 bats
  2 frilled lizards
  4 kobolds
  14 rats
50 creatures vanquished.

Notes
Turn   | Place    | Note
-------+----------+-------------------------------------------
     0 | D:1      | bronco the Minotaur Artificer began the quest for the Orb.
     0 | D:1      | Reached XP level 1. HP: 16/16 MP: 0/0
    75 | D:1      | Reached skill level 1 in Ranged Weapons
   143 | D:1      | Reached XP level 2. HP: 23/23 MP: 1/1
   159 | D:1      | Reached skill level 2 in Ranged Weapons
   697 | D:1      | Reached skill level 3 in Ranged Weapons
   716 | D:1      | Reached XP level 3. HP: 27/28 MP: 2/2
  1018 | D:2      | Found Exkaeto's Weapon Boutique.
  1113 | D:2      | Found Offeetogg's Distillery.
  1180 | D:2      | Found Zoog's Armour Shoppe.
  1370 | D:2      | Found Mututhirgh's Assorted Antiques.
  1390 | D:2      | Reached skill level 4 in Ranged Weapons
  1450 | D:2      | Found a faded altar of an unknown god.
  1533 | D:2      | Slain by a gnoll

Illustrated notes

Levels and vault maps discovered:
D:1:      ldierk_walled_garden, layout_loops_cross,
          chequers_serial_rivers_large_b, minmay_rat_gold_closets
D:2:      layout_rooms, serial_shops, shop, nicolae_shop_rolling_square,
          nicolae_shop_crystal, nicolae_shop_bloodbath_and_beyond,
          shapermc_ecumenical_altar_mp_vishouse
D:3:      layout_loops_ring, eat_drink_and_be_merry_uskayaw, chequers_arboretum,
          nicolae_grassy_gnolls

Skill      XL: |  1  2  3 |
---------------+----------+-----
Ranged Weapons | 1 3 4 |  4.0
Fighting       | |  1.2
Armour         | |  2.4
Dodging        | |  1.1
Stealth        | |  0.7
Evocations     | |  2.6

Action                     || total
---------------------------++-------
  Melee: Club              ||    34
         Headbutt          ||    12
         Falchion          ||    14
   Fire: Sling             ||   108
   Stab: Sleeping          ||     1
 Armour: Leather armour    ||    38
         Ring mail         ||    33
  Dodge: Dodged            ||    67

Table legend: (Time is in decaauts)
 A = Elapsed time spent in this place.
 B = Non-inter-level travel time spent in this place.
 C = Inter-level travel time spent in this place.
 D = Time resting spent in this place.
 E = Time spent auto-exploring this place.
 F = Levels seen in this place.
 G = Mean time per level.
                   A        B        C        D        E       F      G
               +--------+--------+--------+--------+--------+-----+--------+
         Total |   1610 |   1526 |     84 |      0 |   1181 |   3 |  536.7 |
       Dungeon |   1610 |   1526 |     84 |      0 |   1181 |   3 |  536.7 |
               +--------+--------+--------+--------+--------+-----+--------+

Top non-repeatable levels by time:
     D:1: 1052 daAuts
     D:2: 549 daAuts
     D:3: 8 daAuts
